 Dungeon Crawl Stone Soup version 0.29.0-4-gdea44cf6ec (webtiles) character file.

Game seed: 6987420134454437815

263 qw the Chopper (level 6, 0/35 HPs)
             Began as a Tengu Warper on Aug 28, 2022.
             Was an Initiate of Okawaru.
             Slain by a gnoll bouda
             ... wielding a +0 club
              (6 damage)
             ... on level 4 of the Dungeon.
             The game lasted 00:00:18 (3788 turns).

qw the Chopper (Tengu Warper)                       Turns: 3788, Time: 00:00:19

Health: 0/35       AC: 15    Str: 14    XL:     6   Next: 19%
Magic:  10/10      EV:  7    Int: 13    God:    Okawaru [......]
Gold:   237        SH:  4    Dex: 13    Spells: 9/9 levels left

rFire   . . .      SeeInvis .   Y - +0 hand axe (protect)
rCold   . . .      Faith    .   c - +0 buckler
rNeg    . . .      Spirit   .   i - +0 chain mail
rPois   .          Reflect  .   (helmet restricted)
rElec   .          Harm     .   (no cloak)
rCorr   .          Rampage  .   (no gloves)
Will    .....                   (boots unavailable)
Stlth   ..........              (no amulet)
HPRegen 0.11/turn               (no ring)
MPRegen 0.12/turn               (no ring)

@: about to teleport, weakened, under a protective aura, flying quickly and
evasively, quick
A: beak, talons 3, nimble flight
a: Renounce Religion


You were on level 4 of the Dungeon.
You worshipped Okawaru.
Okawaru was noncommittal.
You visited 2 branches of the dungeon, and saw 5 of its levels.

You collected 237 gold pieces.


Innate Abilities, Weirdness & Mutations

You have a beak for a mouth.
You have claws for feet.
Your magical nature lets you fly swiftly and evasively.


   Skills:
 - Level 2.0 Fighting
 - Level 6.5 Axes
 - Level 1.0 Throwing
 + Level 1.3 Armour
 - Level 2.1 Dodging
 - Level 1.6 Shields
 - Level 2.0 Spellcasting
 - Level 2.4 Translocations


You had 9 spell levels left.
You didn't know any spells.
Your spell library contained the following spells:

 Spells                   Type           Power      Damage    Failure   Level
 Blink                    Tloc           14%        N/A       99%         2
 Gell's Gravitas          Tloc           7%         N/A       100%        3
 Lesser Beckoning         Tloc           7%         N/A       100%        3
 Teleport Other           Tloc           7%         N/A       100%        3
 Manifold Assault         Tloc           7%         N/A       100%        5

Inventory:

Hand Weapons
 j - a +0 morningstar
 Y - a +0 hand axe of protection (weapon)
Missiles
 b - 4 javelins (quivered)
Armour
 c - a +0 buckler (worn)
 i - a +0 chain mail (worn)
Scrolls
 a - 4 scrolls of identify
 e - a scroll of enchant weapon {unknown}
 h - a scroll of immolation {unknown}
Potions
 d - 3 potions of curing
 f - a potion of berserk rage {unknown}

Dungeon Overview and Level Annotations

Branches:
Dungeon (4/15)             Temple (1/1) D:4

Altars:
Ashenzari
Cheibriados
Elyvilon
Fedhas
Gozag
Hepliaklqana
Kikubaaqudgha
Nemelex Xobeh
Okawaru
Qazlal
Sif Muna
Trog
Uskayaw
Vehumet
Wu Jian
Xom
Zin
The Shining One


Message History

The gnoll hits you with a +0 club.
The gnoll bouda hits you with a +0 club.
You hit the gnoll.
You kill the gnoll!
Okawaru accepts your kill.
You hit the endoplasm. You hit the gnoll. You hit the gnoll bouda.
The gnoll hits you with a +0 spear. The gnoll hits you but does no damage.
The endoplasm hits you but does no damage.
The gnoll bouda gazes fiercely through you!
You feel your attacks grow feeble.
The gnoll bouda hits you but does no damage.
You hit the gnoll. Your kick misses the gnoll.
The gnoll is almost dead.
You hit the endoplasm.
You hit the gnoll bouda but do no damage.
Your surroundings suddenly seem different.
You start resting.
Your attacks no longer feel as feeble.
A gnoll bouda is nearby!
3767 ||| FLEEEEING.
3768 ||| FLEEEEING.
3769 ||| FLEEEEING.
You start resting.
A gnoll bouda is nearby!
3786 ||| READING scroll of teleportation.
As you read the scroll of teleportation, it crumbles to dust.
You feel strangely unstable. The gnoll bouda barely misses you.
You hit the gnoll bouda but do no damage.
Your weapon exudes an aura of protection.
You claw the gnoll bouda. You peck the gnoll bouda.
The gnoll bouda is heavily wounded.
The gnoll bouda hits you but does no damage.
You hit the gnoll bouda but do no damage.
Your kick misses the gnoll bouda.
The gnoll bouda is heavily wounded.
The gnoll bouda gazes fiercely through you!
You feel your attacks grow feeble.
The gnoll bouda hits you with a +0 club.
You die...

......# +.#........ ......#
...#.#........ ......#
####...#...)....).
......##########......#..>.......
......#........#..........:##..#.
......#........#.................
......#......?.#..............>..
......#........#.................
...%...........#@....#...........
/..............g.................
.................................
####.......####..................
#.......# #..........#.#.....
#.......# #..........#.#.....
#.......# ##.....#####.'.....
#.......# #.....# ###.....
#.......# ####### ##....


You could see a gnoll bouda.

Vanquished Creatures
  A black bear (D:4)
  2 hounds (D:4)
  4 adders (D:3)
  A gnoll (D:4)
  2 worms (D:2)
  4 dart slugs
  An orc (D:4)
  6 endoplasms
  2 giant cockroaches
  3 goblins
  4 hobgoblins
  8 jackals
  5 ball pythons
  8 bats
  3 frilled lizards
  4 kobolds
  7 rats
65 creatures vanquished.

Notes
Turn   | Place    | Note
-------+----------+-------------------------------------------
     0 | D:1      | qw the Tengu Warper began the quest for the Orb.
     0 | D:1      | Reached XP level 1. HP: 12/12 MP: 4/4
     0 | D:1      | 0 ||| qw: Version: 0.1-a-89-g26bdef1
     0 | D:1      | 0 ||| qw: Game counter: 1551
     0 | D:1      | 0 ||| qw: Always use a shield: true
     0 | D:1      | 0 ||| qw: God list: Okawaru
     0 | D:1      | 0 ||| qw: Allow faded altars: false
     0 | D:1      | 0 ||| qw: Do Orc after D:15 true
     0 | D:1      | 0 ||| qw: Do second Lair branch before Depths: true
     0 | D:1      | 0 ||| qw: Lair rune preference: random
     0 | D:1      | 0 ||| qw: Plans: Normal
     0 | D:1      | 0 ||| PLANNING D:1-11
    13 | D:1      | 13 ||| Stepping ~*~*~tactically~*~*~ (stealth).
    16 | D:1      | 16 ||| Stepping ~*~*~tactically~*~*~ (stealth).
   111 | D:1      | 111 ||| Stepping ~*~*~tactically~*~*~ (stealth).
   115 | D:1      | 115 ||| Stepping ~*~*~tactically~*~*~ (stealth).
   120 | D:1      | Reached XP level 2. HP: 17/17 MP: 6/6
   123 | D:1      | Reached skill level 3 in Axes
   954 | D:1      | Found a faded altar of an unknown god.
  1117 | D:1      | 1117 ||| DROPPING ring of flight.
  1118 | D:1      | 1118 ||| READING scroll labelled ZAELAI LIODU.
  1119 | D:1      | 1119 ||| READING scroll labelled KIFOZX EKLE.
  1120 | D:1      | 1120 ||| DROPPING scroll of blinking.
  1284 | D:2      | Reached XP level 3. HP: 19/21 MP: 7/7
  1561 | D:2      | Reached skill level 4 in Axes
  1590 | D:2      | 1590 ||| DROPPING +0 whip.
  1624 | D:2      | 1624 ||| UPGRADING to +0 chain mail.
  1634 | D:2      | 1634 ||| DROPPING +0 leather armour.
  1635 | D:2      | 1635 ||| READING scroll labelled LIYRYMADWU.
  1636 | D:2      | 1636 ||| READING scroll labelled ALEHALIULI.
  1637 | D:2      | 1637 ||| READING 2 scrolls labelled RYAZATT MUYTT.
  1706 | D:3      | 1706 ||| Stepping ~*~*~tactically~*~*~ (stealth).
  1707 | D:3      | 1707 ||| Stepping ~*~*~tactically~*~*~ (stealth).
  1864 | D:3      | Reached XP level 4. HP: 26/26 MP: 8/8
  1937 | D:3      | 1937 ||| Stepping ~*~*~tactically~*~*~ (stealth).
  1993 | D:3      | 1993 ||| Stepping ~*~*~tactically~*~*~ (stealth).
  2002 | D:3      | 2002 ||| Stepping ~*~*~tactically~*~*~ (stealth).
  2008 | D:3      | Reached skill level 5 in Axes
  2043 | D:3      | 2043 ||| Stepping ~*~*~tactically~*~*~ (stealth).
  2434 | D:3      | 2434 ||| Stepping ~*~*~tactically~*~*~ (hiding).
  2894 | D:3      | 2894 ||| UPGRADING to +0 buckler.
  2899 | D:3      | 2899 ||| DRINKING 3 blue potions.
  2900 | D:3      | 2900 ||| DRINKING 2 fizzy brown potions.
  2928 | D:3      | 2928 ||| READING 4 scrolls of identify.
  2928 | D:3      | 2928 ||| IDENTIFYING fuming orange potion
  2929 | D:3      | 2929 ||| DROPPING potion of lignification.
  2930 | D:3      | 2930 ||| DROPPING potion of ambrosia.
  2987 | D:4      | 2987 ||| Stepping ~*~*~tactically~*~*~ (stealth).
  2989 | D:4      | 2989 ||| Stepping ~*~*~tactically~*~*~ (stealth).
  3072 | D:4      | Found a staircase to the Ecumenical Temple.
  3073 | D:4      | 3073 ||| PLANNING TEMPLE
  3083 | Temple   | Entered the Ecumenical Temple
  3123 | Temple   | Became a worshipper of Warmaster Okawaru
  3246 | Temple   | 3246 ||| PLANNING D:1-11
  3329 | D:4      | Reached skill level 1 in Shields
  3329 | D:4      | Gained mutation: Your magical nature lets you fly swiftly
                  | and evasively. [Tengu growth]
  3329 | D:4      | Reached XP level 5. HP: 26/30 MP: 9/9
  3482 | D:4      | 3482 ||| Stepping ~*~*~tactically~*~*~ (hiding).
  3629 | D:4      | Noticed a black bear
  3635 | D:4      | Killed a black bear
  3636 | D:4      | Reached skill level 6 in Axes
  3636 | D:4      | Reached XP level 6. HP: 26/35 MP: 10/10
  3738 | D:4      | HP: 6/35 [gnoll bouda/+0 club (8)]
  3739 | D:4      | 3739 ||| READING 2 scrolls of teleportation.
  3739 | D:4      | HP: 1/35 [gnoll bouda/+0 club (4)]
  3767 | D:4      | 3767 ||| FLEEEEING.
  3768 | D:4      | 3768 ||| FLEEEEING.
  3769 | D:4      | 3769 ||| FLEEEEING.
  3786 | D:4      | 3786 ||| READING scroll of teleportation.
  3788 | D:4      | Slain by a gnoll bouda

Levels and vault maps discovered:
D:1:      wander_arrival_desolate, layout_basic,
          dreamdust_ecumenical_altar_statues, minmay_misc_feat_cross
D:2:      layout_rooms
D:3:      layout_basic, hangedman_abyss_or_decor_stabs, chequers_garden,
          kennysheep_small_spiral
D:4:      minmay_diamond_boxcup, layout_basic, minmay_temple_entry_offerings
Temple:   nicolae_temple_bog_church

Skill      XL: |  1  2  3  4  5 |
---------------+----------------+-----
Axes           | 3 4 5 6 |  6.5
Shields        | 1 |  1.6
Fighting       | |  2.0
Throwing       | |  1.0
Armour         | |  1.3
Dodging        | |  2.1
Spellcasting   | |  2.0
Translocations | |  2.4

Action                   |  1- 3 |  4- 6 || total
-------------------------+-------+-------++-------
Melee: Hand axe          |    74 |    73 ||   147
       Kick              |    18 |    14 ||    32
       Peck              |    14 |    20 ||    34
       Punch             |     1 |       ||     1
Throw: Boomerang         |     7 |       ||     7
       Javelin           |       |    12 ||    12
  Use: Scroll            |     5 |     3 ||     8
       Potion            |       |     2 ||     2
Armor: Leather armour    |    10 |       ||    10
       Chain mail        |    12 |    42 ||    54
Dodge: Dodged            |    21 |    26 ||    47
Block: Buckler           |       |     6 ||     6

Table legend:
 A = Non-vault XP
 B = Vault XP
 C = Vault XP percentage of total XP
 D = Non-vault monster count
 E = Vault monster count
 F = Vault count percentage of total count
                 A         B        C        D         E       F
            +---------+---------+-------+---------+---------+-------
      Total |     283 |      94 |  24.9 |      59 |       6 |   9.2
            +---------+---------+-------+---------+---------+-------
        D:1 |      32 |       0 |   0.0 |      20 |       0 |   0.0
        D:2 |      19 |       0 |   0.0 |       8 |       0 |   0.0
        D:3 |      92 |       0 |   0.0 |      26 |       0 |   0.0
        D:4 |     140 |      94 |  40.2 |       5 |       6 |  54.5
            +---------+---------+-------+---------+---------+-------
